 Dungeon Crawl Stone Soup version 0.29-a0-717-g6dac4ea423 (webtiles) character file.

Game seed: 954713886880413922

245 HoaS the Skirmisher (level 6, -11/35 HPs)
             Began as a Kobold Hunter on June 26, 2022.
             Killed from afar by Ijyb (16 damage)
             ... with a bolt of dispelling energy
             ... on level 3 of the Dungeon.
             The game lasted 00:04:09 (2382 turns).

HoaS the Skirmisher (Kobold Hunter)                 Turns: 2382, Time: 00:04:09

Health: -11/35     AC:  5    Str:  8    XL:     6   Next: 32%
Magic:  6/6        EV: 14    Int: 11    God:
Gold:   172        SH:  0    Dex: 20    Spells: 5/5 levels left

rFire   . . .      SeeInvis .   a - +0 shortbow
rCold   . . .      Faith    .   (shield currently unavailable)
rNeg    . . .      Spirit   .   c - +0 leather armour
rPois   .          Reflect  .   (no helmet)
rElec   .          Harm     .   (no cloak)
rCorr   .          Rampage  .   h - +0 pair of gloves
Will    .....                   i - +0 pair of boots
Stlth   +++.......              f - amulet of regeneration
HPRegen 0.91/turn               (no ring)
MPRegen 0.10/turn               (no ring)

@: no status effects
A: small, no large weapons, nightstalker 3
a: no special abilities


You were on level 3 of the Dungeon.
You visited 1 branch of the dungeon, and saw 3 of its levels.

You collected 172 gold pieces.

Inventory:

Hand Weapons
 a - a +0 shortbow (weapon)
Armour
 c - a +0 leather armour (worn)
 h - a +0 pair of gloves (worn)
 i - a +0 pair of boots (worn)
Jewellery
 f - an amulet of regeneration (around neck)
Scrolls
 b - a scroll of immolation
 l - a scroll of teleportation
 n - a scroll of identify
Potions
 d - a potion of cancellation
 k - a potion of curing {unknown}
 m - a potion of mutation {unknown}


   Skills:
 - Level 2.1 Fighting
 + Level 9.4 Ranged Weapons
 - Level 2.4 Dodging
 - Level 1.3 Stealth


You had 5 spell levels left.
You didn't know any spells.
Your spell library contained the following spells:

 Spells                   Type           Power      Damage    Failure   Level
 Ensorcelled Hibernation  Hex/Ice        0%         N/A       61%         2
 Passwall                 Tmut/Erth      0%         N/A       61%         2
 Swiftness                Air            0%         N/A       83%         3


Dungeon Overview and Level Annotations

Branches:
Dungeon (3/15)

Altars:
Uskayaw

Annotations:
D:3 1 runed translucent door, Crazy Yiuf, Ijyb


Innate Abilities, Weirdness & Mutations

You are small and have problems with some larger weapons.
You are completely attuned to the shadows.


Message History

You are too injured to fight recklessly!
You are too injured to fight recklessly!
You are too injured to fight recklessly!
You are too injured to fight recklessly!
You feel clever all of a sudden.
Fire: a) +0 shortbow
Press: ? - help, Q - select action Shift-Dir - straight line, f/p - Ijyb
Aim: Ijyb, wielding a +0 club, wearing a +0 ring mail and carrying a wand of quicksilver (7) (lightly wounded, 64% to hit)
You shoot an arrow. The arrow barely misses Ijyb.
Ijyb misses you.
Fire: a) +0 shortbow
Press: ? - help, Q - select action Shift-Dir - straight line, f/p - Ijyb
Aim: Ijyb, wielding a +0 club, wearing a +0 ring mail and carrying a wand of quicksilver (7) (lightly wounded, 64% to hit)
You shoot an arrow. The arrow hits Ijyb but does no damage.
Ijyb is lightly wounded.
Ijyb zaps a wand.
The bolt of dispelling energy hits you!
Your magical effects are unravelling.
* * * LOW HITPOINT WARNING * * *
Fire: a) +0 shortbow
Press: ? - help, Q - select action Shift-Dir - straight line, f/p - Ijyb
Aim: Ijyb, wielding a +0 club, wearing a +0 ring mail and carrying a wand of quicksilver (6) (lightly wounded, 64% to hit)
You shoot an arrow. The arrow hits Ijyb.
Ijyb is moderately wounded.
You feel a little less clever now. Ijyb closely misses you.
Fire: a) +0 shortbow
Press: ? - help, Q - select action Shift-Dir - straight line, f/p - Ijyb
Aim: Ijyb, wielding a +0 club, wearing a +0 ring mail and carrying a wand of quicksilver (6) (moderately wounded, 64% to hit)
You shoot an arrow. The arrow hits Ijyb but does no damage.
Ijyb is moderately wounded.
Ijyb zaps a wand.
The bolt of dispelling energy misses you.
Ijyb hits you with a +0 club.
* * * LOW HITPOINT WARNING * * *
Fire: a) +0 shortbow
Press: ? - help, Q - select action Shift-Dir - straight line, f/p - Ijyb
Aim: Ijyb, wielding a +0 club, wearing a +0 ring mail and carrying a wand of quicksilver (5) (moderately wounded, 64% to hit)
You shoot an arrow. The arrow barely misses Ijyb.
Ijyb zaps a wand.
The bolt of dispelling energy hits you!
You die...

#..†............######...........
..................^..........#...
##...........................+...
#...........................#.>.
#...........................####
####....................# #
########........(....####
#.................
#@#####.....#..... #g#
#.....#..... ... #.....#.....
##.#. #.....#..... ..#.#
#.....#..... +..... #..... #.....
#.....


You could see Ijyb.

Vanquished Creatures
  Sigmund (D:3)
  2 adders (D:3)
  3 worms
  A dart slug (D:1)
  4 ball pythons
  4 endoplasms
  2 giant cockroaches
  4 goblins
  6 hobgoblins
  2 jackals (D:1)
  A kobold (D:3)
  3 quokkas
  3 bats (D:1)
  2 frilled lizards
  6 rats
44 creatures vanquished.

Notes
Turn   | Place    | Note
-------+----------+-------------------------------------------
     0 | D:1      | HoaS the Kobold Hunter began the quest for the Orb.
     0 | D:1      | Reached XP level 1. HP: 12/12 MP: 1/1
    96 | D:1      | Reached XP level 2. HP: 17/17 MP: 2/2
   129 | D:1      | Reached skill level 6 in Ranged Weapons
   324 | D:1      | Reached XP level 3. HP: 21/21 MP: 3/3
   365 | D:1      | You fall into a shaft and drop 1 floor!
   432 | D:2      | Identified the +0 robe of Hoirelat {rC+ Int+3}
  1617 | D:3      | Reached skill level 7 in Ranged Weapons
  1617 | D:3      | Reached XP level 4. HP: 26/26 MP: 4/4
  2007 | D:3      | Noticed Sigmund
  2026 | D:3      | Found a faded altar of an unknown god.
  2237 | D:3      | Killed Sigmund
  2238 | D:3      | Reached skill level 9 in Ranged Weapons
  2238 | D:3      | Reached XP level 5. HP: 30/30 MP: 5/5
  2238 | D:3      | Reached XP level 6. HP: 35/35 MP: 6/6
  2278 | D:3      | Found a hide-covered altar of Uskayaw.
  2326 | D:3      | Found a runed translucent door.
  2329 | D:3      | Noticed Crazy Yiuf
  2373 | D:3      | Noticed Ijyb
  2382 | D:3      | Killed from afar by Ijyb

Illustrated notes

Levels and vault maps discovered:
D:1:      heliophobic_arrival_battle_scene, layout_rooms, serial_curves,
          eino_curves_01, eino_curves_03, eino_curves_04
D:2:      layout_basic, minmay_octomino_e4
D:3:      layout_basic, nicolae_uskayaw_suspiria,
          dilly_ecumenical_altar_fadedgnrine, uniq_ijyb,
          uniq_crazy_yiuf_cottage, uniq_sigmund

Skill      XL: |  1  2  3  4 |
---------------+-------------+-----
Ranged Weapons | 6 7 9 |  9.4
Fighting       | |  2.1
Dodging        | |  2.4
Stealth        | |  1.3

Action                   |  1- 3 |  4- 6 || total
-------------------------+-------+-------++-------
 Fire: Shortbow          |    76 |    55 ||   131
  Use: Scroll            |     3 |     2 ||     5
       Potion            |       |     4 ||     4
Armor: Leather armour    |     6 |     3 ||     9
Dodge: Dodged            |    17 |    13 ||    30

Table legend: (Time is in decaauts)
 A = Elapsed time spent in this place.
 B = Non-inter-level travel time spent in this place.
 C = Inter-level travel time spent in this place.
 D = Time resting spent in this place.
 E = Time spent auto-exploring this place.
 F = Levels seen in this place.
 G = Mean time per level.
                   A        B        C        D        E       F      G
               +--------+--------+--------+--------+--------+-----+--------+
         Total |   2391 |   2322 |     69 |    215 |   1749 |   3 |  797.0 |
       Dungeon |   2391 |   2322 |     69 |    215 |   1749 |   3 |  797.0 |
               +--------+--------+--------+--------+--------+-----+--------+

Top non-repeatable levels by time:
     D:2: 1091 daAuts
     D:1: 651 daAuts
     D:3: 648 daAuts
